 Dungeon Crawl Stone Soup version 0.18.1-48-g4cf74bf (webtiles) character file.

945632 Miyamura the Deadly Accurate (level 27, -3/220 HPs)
             Began as a Troll Hunter on Sept 7, 2016.
             Was the Champion of Cheibriados.
             Slain by a wolf spider (14 damage)
             ... on level 11 of a ziggurat on Sept 9, 2016.
             The game lasted 05:30:32 (85289 turns).

Miyamura the Deadly Accurate (Troll Hunter)        Turns: 85289, Time: 05:30:33

Health: -3/220     AC: 22    Str: 51    XL:     27
Magic:  1/55       EV: 19    Int: 34    God:    Cheibriados [******]
Gold:   3403       SH:  0    Dex: 24    Spells: 10 memorised, 21 levels left

rFire  + + +     SeeInvis +     Z - +12 demon whip of Quick Death {vamp, rElec rC+++ MR- SInv}
rCold  + + +     Gourm    +     d - +8 pearl dragon armour of Imnauhom {rN+ MR+ Str+5}
rNeg   + + +     Faith    .     I - +8 large shield {rF+}
rPois  ∞         Spirit   .     a - +3 hat of Pondering {ponderous, MR+ MP+10 Int+5}
rElec  +         Dismiss  .     D - +2 cloak {MR+}
rCorr  .         Reflect  +     (gloves unavailable)
SustAt +         Harm     .     (boots unavailable)
MR     +++++                    L - +6 amulet of reflection
Stlth  ..........               j - ring "Qielenas" {rF++ AC+3 Str+3 Dex+2}
                                H - ring of sustain attributes

@: confused, lich-form, corroded, studying 2 skills, very slow, almost entirely
resistant to hostile enchantments, extremely unstealthy
A: unfitting armour, claws 3, rough black scales 1, berserk 1, clumsy 1,
deterioration 1, dopey 1, fast metabolism 3, frail 2, gourmand, regeneration 2,
screaming 2, shaggy fur 1, tough skin 2, subdued magic 1
a: End Transformation, Bend Time, Temporal Distortion, Slouch, Step From Time,
Renounce Religion
}: 8/15 runes: decaying, serpentine, slimy, silver, glowing, magical, fiery,
dark


You were on level 11 of a ziggurat.
You worshipped Cheibriados.
Cheibriados was exalted by your worship.
You were not hungry.
You were a lich.
You visited 12 branches of the dungeon, and saw 60 of its levels.
You visited Pandemonium 1 time, and saw 13 of its levels.
You visited the Abyss 2 times.
You visited 2 bazaars.
You visited 1 ziggurat, and saw 11 of its levels.
You also visited: Ossuary and Wizlab.

You collected 10947 gold pieces.
You spent 7544 gold pieces at shops.

Inventory:

Hand Weapons
 Z - the +12 demon whip of Quick Death (weapon) {vamp, rElec rC+++ MR- SInv}
   (You acquired it on level 1 of the Elven Halls)

   It inflicts no extra harm, but heals its wielder somewhat when it strikes a
   living foe.
   It renders you almost immune to cold.
   It insulates you from electricity.
   It affects your resistance to hostile enchantments.
   It lets you see invisible.
Missiles
 c - 177 large rocks (quivered)
 w - 6 javelins of returning
 y - 2 throwing nets
Armour
 a - the +3 hat of Pondering (worn) {ponderous, MR+ MP+10 Int+5}
   (You took it off Gastronok on level 9 of the Dungeon)

   It affects your intelligence (+5).
   It affects your resistance to hostile enchantments.
   It affects your magic capacity (+10).
 d - the +8 pearl dragon armour of Imnauhom (worn) {rN+ MR+ Str+5}
   (You acquired it on level 13 of the Dungeon)

   It affects your strength (+5).
   It protects you from negative energy.
   It affects your resistance to hostile enchantments.
 D - a +2 cloak of magic resistance (worn)
 I - a +8 large shield of fire resistance (worn)
 Y - a +5 shield of poison resistance
Jewellery
 g - an uncursed ring of resist corrosion
 j - the ring "Qielenas" (right claw) {rF++ AC+3 Str+3 Dex+2}
   (You found it on level 1 of the Abyss)

   [ring of protection]

   It affects your AC (+3).
   It affects your strength (+3).
   It affects your dexterity (+2).
   It greatly protects you from fire.
 m - the ring "Anlikhak" {+Inv +Fly rC+ rN+}
   (You found it on level 5 of the Vaults)

   [ring of flight]

   It protects you from cold.
   It protects you from negative energy.
   It lets you turn invisible.
   It lets you fly.
 H - a ring of sustain attributes (left claw)
 L - a +6 amulet of reflection (around neck)
 X - the ring "Sosiogro" {rF+ Int+10 SInv}
   (You found it on level 7 of a ziggurat)

   [ring of see invisible]

   It affects your intelligence (+10).
   It protects you from fire.
   It lets you see invisible.
Wands
 J - a wand of heal wounds (2/9)
 P - a wand of teleportation (5/9)
 W - a wand of digging (7/24)
Scrolls
 b - 7 scrolls of fog
 l - 4 scrolls of identify
 o - 2 scrolls of summoning
 p - 14 scrolls of teleportation
 r - 9 scrolls of fear
 s - a scroll of holy word
 u - 25 scrolls of remove curse
 x - 16 scrolls of recharging
 C - 3 scrolls of amnesia
 E - 5 scrolls of enchant armour
 U - 4 scrolls of blinking
 V - 3 scrolls of magic mapping
Potions
 e - a potion of agility
 h - 20 potions of curing
 i - a potion of invisibility
 n - 4 potions of haste
 q - 6 potions of cancellation
 t - 16 potions of brilliance
 z - 10 potions of magic
 A - 3 potions of might
 B - 10 potions of lignification
 F - 8 potions of flight
 G - 4 potions of ambrosia
 K - a potion of heal wounds
 Q - 4 potions of resistance
Books
 k - a manual of Earth Magic
 N - a manual of Shields
Miscellaneous
 v - a phial of floods
 S - a legendary deck of changes {the Helix}
 T - a fan of gales
Comestibles
 f - 24 bread rations
 O - 20 fruits


   Skills:
 - Level 16.8 Fighting
 - Level 14.6 Maces & Flails
 - Level 19.9 Throwing
 - Level 13.7 Armour
 - Level 10.6 Dodging
 - Level 0.4 Stealth
 - Level 15.6 Shields
 - Level 8.7 Unarmed Combat
 * Level 19.2 Spellcasting
 + Level 14.5 Necromancy
 - Level 7.3 Translocations
 + Level 15.2 Transmutations
 - Level 9.5 Earth Magic
 - Level 10.0 Invocations
 - Level 7.1 Evocations


You had 21 spell levels left.
You knew the following spells:

 Your Spells              Type           Power        Failure   Level  Hunger
a - Shatter               Erth           ######....   100%        9    N/A
b - Blink                 Tloc           N/A          1%          2    N/A
c - Controlled Blink      Tloc           N/A          100%        8    N/A
n - Necromutation         Trmt/Necr      ########..   21%         8    N/A
p - Portal Projectile     Tloc           ######       1%          3    N/A
s - Statue Form           Trmt/Erth      ######...    1%          6    N/A
A - Apportation           Tloc           ######....   1%          1    N/A
C - Cure Poison           Pois           ####......   1%          2    N/A
R - Repel Missiles        Chrm/Air       ####..       1%          2    N/A
S - Song of Slaying       Chrm           ####....     1%          2    N/A

Dungeon Overview and Level Annotations

Branches:
Dungeon (15/15)            Temple (1/1) D:4            Lair (8/8) D:9
  Swamp (4/4) Lair:4        Snake (4/4) Lair:4        Slime (6/6) Lair:6
    Orc (2/2) D:10            Elf (3/3) Orc:2        Vaults (5/5) D:13
  Crypt (3/3) Vaults:3       Tomb (0/3) Crypt:3      Depths (5/5) D:15
    Zot (4/5) Depths:5

Altars:
Ashenzari
Cheibriados
Dithmenos
Elyvilon
Fedhas
Gozag
Kikubaaqudgha
Makhleb
Nemelex Xobeh
Okawaru
Pakellas
Qazlal
Ru
Sif Muna
Trog
Vehumet
Xom
Yredelemnul
Zin
The Shining One
Beogh
Jiyva

Shops:
D:5 *   Orc:1 [   Orc:2 :(=[*   Elf:1 *   Snake:1 ?   Vaults:2 !:(*
Vaults:3 ?   Depths:1 *

Portals:
Hell: Depths:1 Depths:2 Depths:3 Depths:4 Depths:5
Abyss: Depths:1 Depths:4
Pandemonium: Depths:2 Depths:3 Depths:4

Annotations:
Swamp:3 Mara


Innate Abilities, Weirdness & Mutations

You are too large for most types of armour.
You have claws for hands.
Your metabolism is lightning-fast.
You like to eat raw meat.
You heal very quickly.
You are covered in fur (AC +1).
You have very tough skin (AC +2).
You are partially covered in rough black scales (AC +4, Dex -1).
You tend to lose your temper in combat.
You are clumsy. (Dex -2)
Your body sometimes deteriorates upon taking damage.
You are dopey. (Int -2)
You are very frail (-20% HP).
You sometimes yell uncontrollably at your foes.
Your spells are a little easier to cast, but a little less powerful.


Message History

* * * LOW HITPOINT WARNING * * *
The tarantella completely misses you. The wolf spider misses you.
The wolf spider closely misses you.
The jumping spider rages.
The wolf spider hits you.
* * * LOW HITPOINT WARNING * * *
The wolf spider barely misses you.
The ghost moth hits you but does no damage.
The ghost moth misses you. The ghost moth stings you.
* * * LOW HITPOINT WARNING * * *
The Brimstone Fiend barely misses you. The Brimstone Fiend hits you.
* * * LOW HITPOINT WARNING * * *
The Brimstone Fiend hits you but does no damage.
The tarantella misses you. The reaper hits you but does no damage.
The wolf spider hits you!
* * * LOW HITPOINT WARNING * * *
The wolf spider closely misses you. The sun demon completely misses you.
The Ice Fiend barely misses you. The Ice Fiend completely misses you.
The wolf spider barely misses you. The wolf spider bites you!
You die...

▓▓...........
▓▓.............
▓▓..............
▓...............
▓.......s.......
▓▓.......s.###...
▓..∩..s.†s2#e#...
▓▓......11s###...
▓.......Lys3....
▓......3ssy.†...
▓▓......s4......
▓▓.............
▓▓............
▓▓▓..........
▓▓▓▓▓▓.▓▓▓▓ ▓▓


You could see a Brimstone Fiend, an Ice Fiend, a reaper, a ghost moth
(invisible), a soul eater, a demonic crawler, 2 wolf spiders, a sun demon, a
deep elf demonologist, a moth of wrath, a rust devil, 3 orb spiders, a jumping
spider (berserk) and 2 tarantellas.

Vanquished Creatures
  Cerebov (Pan)
  the Royal Jelly (Slime:6)
  Gloorx Vloq (Pan)
  Lom Lobon (Pan)
  Mnoleg (Pan)
  An ancient lich (Zig:3)
  8 pandemonium lords
  The ghost of Elystan the Phalangite, a legendary FoFi of Kikubaaqudgha (Pan)
  A juggernaut (Depths:4)
  Boris (Crypt:2)
  the Lernaean hydra (Swamp:4)
  Margery (Vaults:2)
  Saint Roka (Orc:2)
  Norris (D:13)
  Frederick (Crypt:2)
  A curse toe (Crypt:3)
  7 golden dragons
  A profane servitor (Zig:6)
  5 Tzitzimimeh (Pan)
  3 bone dragons
  3 Brimstone Fiends (Pan)
  Jorgrun (Vaults:5)
  Rupert (Lair:4)
  6 Hell Sentinels
  2 electric golems
  A moon troll (WizLab)
  15 tentacled monstrosities
  4 deep elf master archers
  7 deep elf blademasters
  4 quicksilver dragons
  7 liches
  22 acid blobs
  5 tentacled starspawn
  16 titans
  5 death cobs
  8 ancient champions
  Gastronok (D:9)
  27 Executioners (Pan)
  4 sphinxes
  Frances (D:12)
  5 shadow dragons
  13 storm dragons
  A thorn hunter (Swamp:1)
  Roxanne (Swamp:3)
  7 greater nagas
  11 warmongers (Pan)
  8 tengu reavers
  6 draconian monks
  12 azure jellies
  2 revenants
  18 fire giants
  4 draconian knights (Zot:1)
  7 deep elf sorcerers
  2 orc warlords (Zig:5)
  26 balrugs
  4 iron dragons
  11 vault wardens
  6 draconian scorchers
  17 frost giants
  6 ghost moths
  8 black suns (Pan)
  Donald (D:12)
  A caustic shrike zombie (Zig:7)
  8 ghouls
  5 draconian shifters
  Aizul (Snake:1)
  19 cacodemons
  Louise (Swamp:2)
  7 draconian zealots
  27 very ugly things
  8 draconian annihilators
  12 reapers
  3 curse skulls
  5 deep elf demonologists
  7 draconian callers
  2 war gargoyles (Vaults:5)
  13 vampire knights
  3 deep elf elementalists (Elf:3)
  12 ironheart preservers
  40 stone giants
  3 spriggan defenders
  15 green draconians
  7 chaos champions
  6 blood saints (Pan)
  11 lorocyprocas
  12 mottled draconians
  A salamander stormcaller (Abyss:1)
  11 black draconians
  12 purple draconians
  Nessos (Lair:5)
  2 corrupters (Pan)
  4 red draconians (Zot:1)
  11 yellow draconians
  9 deep elf annihilators
  14 white draconians
  16 ettins
  15 spark wasps
  20 green deaths (Pan)
  17 blizzard demons
  6 eidola
  A quicksilver dragon zombie (Crypt:1)
  29 vault guards
  A mummy priest (Crypt:3)
  Snorg (D:14)
  2 crystal guardians
  8 death oozes (Slime:5)
  12 deep elf death magi
  21 fire dragons
  7 jiangshi
  17 ogre magi
  10 yaktaur captains
  A fire dragon (shapeshifter) (Depths:2)
  8 deep elf high priests
  2 quicksilver dragon skeletons (Pan)
  13 great orbs of eyes
  Harold (Lair:4)
  Fannar (D:10)
  24 ice dragons
  7 rakshasas
  7 spriggan air magi
  8 entropy weavers
  20 hydras
  4 hell beasts
  19 monstrous demonspawn (Pan)
  Erolcha (D:9)
  8 naga warriors
  9 death knights
  4 ghost crabs
  Erica (D:11)
  5 anacondas
  8 centaur warriors
  12 tengu warriors
  10 alligators
  22 dancing weapons
  7 vampire magi
  9 deep troll earth magi
  7 deep troll shamans
  2 orc high priests
  5 death yaks (Lair:7)
  6 spriggan berserkers
  12 naga sharpshooters
  6 shock serpents
  Urug (Lair:2)
  10 thrashing horrors
  29 soul eaters
  A fire crab (Vaults:5)
  5 salamander mystics
  5 wretched stars
  Sonja (D:14)
  26 deep elf knights
  A shock serpent (shapeshifter) (Vaults:5)
  29 skeletal warriors
  47 sun demons (Pan)
  7 hell knights
  3 iron trolls
  38 large abominations
  A storm dragon skeleton (Pan)
  2 fire crabs (shapeshifter) (D:15)
  34 deep trolls
  15 shadow wraiths
  A spatial maelstrom (Abyss:1)
  3 unseen horrors
  2 golden dragon zombies
  14 flayed ghosts
  9 infernal demonspawn (Pan)
  10 swamp dragons
  A quicksilver dragon simulacrum (Crypt:1)
  6 torturous demonspawn (Pan)
  13 putrid demonspawn (Pan)
  A spriggan druid (Swamp:3)
  12 gelid demonspawn (Pan)
  7 shadow demons
  An obsidian statue (Zig:1)
  2 orange crystal statues
  A giant orange brain (shapeshifter) (Zig:1)
  2 wolf spider zombies
  6 naga ritualists (Snake:4)
  2 shambling mangroves
  3 hill giants
  12 giant orange brains
  14 orc knights
  A golden dragon skeleton (Pan)
  2 anaconda skeletons
  11 deep elf archers
  A fire giant zombie (Vaults:5)
  21 phantasmal warriors
  8 necromancers
  4 harpies (Vaults:3)
  6 wizards (Pan)
  11 ironbrand convokers
  5 griffons
  3 orc sorcerers
  A frost giant zombie (Vaults:4)
  10 mana vipers
  7 hornets
  7 wolf spiders
  37 ugly things
  4 orb spiders (Zig:9)
  4 cyclopes
  A sphinx skeleton (Vaults:4)
  A cyclops (shapeshifter) (Vaults:5)
  An iron dragon zombie (Zig:7)
  7 shining eyes
  11 salamanders
  A toenail golem (Pan)
  10 oklob plants
  2 iron dragon skeletons
  4 salamanders (shapeshifter)
  26 sixfirhies (Pan)
  86 deep elf magi
  A stone giant zombie (Crypt:1)
  2 frost giant skeletons (Pan)
  A stone giant skeleton (Pan)
  Maurice (D:12)
  32 black mambas
  17 moths of wrath
  3 human skeletons
  A black mamba (shapeshifter) (Vaults:3)
  34 elephants
  An octopode (shapeshifter) (D:14)
  2 rust devils
  2 guardian serpents
  23 naga magi
  A fire giant skeleton (Pan)
  An apocalypse crab (Abyss:3)
  27 spiny frogs
  6 torpor snails
  Joseph (D:8)
  11 eyes of devastation
  18 vault sentinels
  A storm dragon simulacrum (Vaults:5)
  34 orange demons (Pan)
  48 smoke demons (Pan)
  A purple draconian zombie (Crypt:3)
  A rime drake (shapeshifter) (Depths:2)
  An emperor scorpion zombie (Crypt:1)
  12 freezing wraiths
  5 hellions (Pan)
  A death yak zombie (Crypt:2)
  15 tormentors (Pan)
  5 rime drakes
  A swamp worm zombie (Crypt:3)
  2 yaktaur zombies
  18 demonic crawlers
  4 kobold demonologists
  13 efreet (Pan)
  6 komodo dragons
  A catoblepas zombie (Crypt:2)
  30 yaktaurs
  10 ice devils
  9 guardian mummies (Crypt:3)
  A catoblepas skeleton (Pan)
  31 hellwings
  26 red devils
  5 tengu conjurers
  8 trolls
  A harpy zombie (Crypt:1)
  An elf skeleton (Zig:7)
  3 ancient zymes (Abyss:5)
  A merfolk (shapeshifter) (Zig:8)
  11 giant leeches
  A troll (shapeshifter) (Vaults:1)
  A jumping spider (shapeshifter) (Vaults:3)
  3 jumping spiders (Zig:9)
  2 polar bears (Vaults:1)
  2 polar bears (shapeshifter) (Vaults:1)
  A tengu simulacrum (Vaults:4)
  A two-headed ogre (shapeshifter) (Vaults:5)
  100 slime creatures
  8 bog bodies
  29 two-headed ogres
  5 boulder beetles
  2 hydra skeletons (Pan)
  25 blink frogs
  6 raiju
  A harpy skeleton (Pan)
  An alligator skeleton (Pan)
  2 ettin zombies
  21 air elementals
  2 ice dragon skeletons (Crypt:2)
  11 flying skulls
  A fire dragon skeleton (Pan)
  A centaur simulacrum (D:15)
  11 redbacks
  6 spriggans
  26 starcursed masses
  7 tarantellas
  A dire elephant simulacrum (Crypt:2)
  An ettin skeleton (Pan)
  12 wraiths
  6 shadows
  5 vampires
  A hill giant zombie (Crypt:3)
  7 wyverns
  16 humans (D:12)
  4 water elementals
  A yak (shapeshifter) (Vaults:4)
  31 ynoxinuls
  9 basilisks
  62 yaks
  2 fire elementals (Elf:1)
  2 golden eyes (shapeshifter)
  9 hippogriffs
  28 vampire mosquitoes
  15 neqoxecs
  11 golden eyes
  A spatial vortex (Abyss:4)
  A steam dragon (D:15)
  2 hungry ghosts
  5 mottled dragons
  A yaktaur simulacrum (Vaults:2)
  22 chaos spawn (Pan)
  14 insubstantial wisps
  Edmund (D:5)
  11 swamp worms
  5 wargs
  42 nagas
  A spiny frog zombie (Crypt:3)
  A soldier ant (D:15)
  26 water moccasins
  3 small abominations (Abyss:5)
  A hydra simulacrum (Crypt:2)
  A giant eyeball (Depths:5)
  A hell hound (Depths:5)
  An orb spider zombie (Crypt:2)
  3 ice beasts
  12 swamp drakes
  17 porcupines
  A phantom (D:13)
  42 orc warriors
  6 eyes of draining
  6 black bears
  16 wasps
  4 sky beasts
  A snapping turtle zombie (Crypt:3)
  An ogre (shapeshifter) (Depths:2)
  63 ogres
  10 boggarts
  10 wolves
  An anubis guard skeleton (Crypt:2)
  6 centaurs
  2 snapping turtle skeletons
  18 crocodiles
  A blink frog skeleton (Crypt:2)
  5 big kobolds
  An elf zombie (Ossuary)
  18 giant frogs
  2 earth elementals (Elf:2)
  A wyvern skeleton (D:9)
  A water moccasin zombie (Crypt:2)
  2 hell hound skeletons (Crypt:1)
  A raiju zombie (Crypt:3)
  2 scorpions
  A warg zombie (Crypt:1)
  21 killer bees
  A spriggan zombie (Crypt:3)
  A swamp dragon simulacrum (Crypt:2)
  A human simulacrum (Vaults:1)
  A snapping turtle simulacrum (Crypt:1)
  13 wights
  5 howler monkeys
  A polar bear skeleton (Crypt:3)
  An electric eel (Lair:2)
  14 crimson imps
  3 centaur zombies
  4 quasits
  3 giant frog zombies
  An iron imp (Abyss:1)
  30 jellies
  4 centaur skeletons
  A giant frog skeleton (D:12)
  A hound (D:7)
  22 orc wizards
  Crazy Yiuf (D:5)
  2 human zombies
  24 orc priests
  9 iguanas
  Natasha (thrice) (D:2)
  6 hell rats (Lair:4)
  A hell rat (shapeshifter) (Vaults:5)
  14 worker ants
  A felid zombie (Crypt:2)
  3 ogre zombies (Ossuary)
  A hound zombie (D:8)
  A naga skeleton (Crypt:2)
  A hound skeleton (D:11)
  7 mummies (Ossuary)
  22 adders
  10 gnolls
  A steam dragon zombie (Crypt:3)
  99 river rats
  2 shadow imps
  3 white imps
  3 ufetubi
  2 oozes
  6 adder zombies (Ossuary)
  A halfling zombie (Crypt:1)
  A halfling skeleton (Crypt:3)
  A worm (shapeshifter) (Abyss:5)
  5 worms
  A dart slug (D:3)
  5 giant geckos
  107 orcs
  3 giant cockroaches
  9 goblins
  7 hobgoblins
  8 jackals
  4 quokkas
  2 ball pythons
  9 bats
  A giant gecko skeleton (Crypt:1)
  7 giant newts
  4 goblin zombies (Ossuary)
  3 hobgoblin zombies (Ossuary)
  18 kobolds
  4 kobold zombies (Ossuary)
  3 quokka zombies (Ossuary)
  7 rats
  3 rat zombies (Ossuary)
  A briar patch (Swamp:1)
  2 fire vortices (Abyss:1)
  A fungus (Lair:2)
  3 plants (Lair:2)
  A starspawn tentacle (WizLab)
  A starspawn tentacle segment (WizLab)
3706 creatures vanquished.

Vanquished Creatures (collateral kills)
  A blood saint (Zig:10)
  A chaos champion (Zig:10)
  A black sun (Zig:10)
  A hell beast (Zig:10)
  A ynoxinul (Zig:10)
5 creatures vanquished.

Vanquished Creatures (others)
  3 deep elf master archers
  An eldritch tentacle (Pan)
  A warmonger (Pan)
  A fire giant (Depths:3)
  A deep elf sorcerer (Elf:3)
  2 draconian scorchers (Zot:1)
  2 deep elf elementalists (Elf:3)
  An ironheart preserver (Vaults:5)
  3 stone giants
  A blood saint (Pan)
  2 very ugly things (Depths:3)
  A blizzard demon (Pan)
  A green death (Pan)
  5 yaktaur captains
  An alligator (Swamp:3)
  2 centaur warriors
  A tengu warrior (Depths:4)
  2 naga sharpshooters (Snake:4)
  A thrashing horror (Abyss:5)
  A deep elf knight (Zot:1)
  An unseen horror (D:13)
  2 wizards (Pan)
  7 deep elf archers
  A starcursed mass (Abyss:1)
  A black mamba (Snake:2)
  2 smoke demons (Pan)
  3 hellwings (Pan)
  12 yaktaurs
  A two-headed ogre (Depths:1)
  A tengu conjurer (D:15)
  A giant leech (Swamp:2)
  An air elemental (Depths:4)
  2 ynoxinuls (Abyss:1)
  A chaos spawn (Pan)
  A neqoxec (Pan)
  A soldier ant (shapeshifter) (Depths:3)
  An ogre (Vaults:2)
  2 centaurs (Depths:1)
  9 ball lightnings (Pan)
  2 blocks of ice (Pan)
  2 briar patches (Swamp:1)
  2 demonic plants
  124 eldritch tentacle segments (Pan)
  36 fungi
  6 lost souls
  A lurking horror (Abyss:5)
  44 plants
  10 starspawn tentacles
  94 starspawn tentacle segments
404 creatures vanquished.

Grand Total: 4115 creatures vanquished

Notes
Turn   | Place    | Note
--------------------------------------------------------------
     0 | D:1      | Miyamura the Troll Hunter began the quest for the Orb.
     0 | D:1      | Reached XP level 1. HP: 19/19 MP: 0/0
    31 | D:1      | Reached XP level 2. HP: 20/28 MP: 1/1
   293 | D:1      | Reached skill level 1 in Unarmed Combat
   347 | D:1      | Reached XP level 3. HP: 35/35 MP: 2/2
   942 | D:2      | Reached skill level 1 in Maces & Flails
   952 | D:2      | Reached XP level 4. HP: 37/42 MP: 3/3
   998 | D:2      | Noticed Natasha
  1005 | D:2      | Killed Natasha
  1269 | D:2      | Noticed Natasha
  1289 | D:2      | Killed Natasha
  1360 | D:2      | Reached XP level 5. HP: 42/49 MP: 4/4
  1808 | D:2      | Noticed Natasha
  1815 | D:2      | Killed Natasha
  2188 | D:3      | Found a white marble altar of Elyvilon.
  2194 | D:3      | Found a snail-covered altar of Cheibriados.
  2203 | D:3      | Found a bloodstained altar of Trog.
  2235 | D:3      | Reached XP level 6. HP: 59/59 MP: 5/5
  2484 | D:3      | Found a glowing silver altar of Zin.
  2701 | D:4      | Reached XP level 7. HP: 62/66 MP: 6/6
  2847 | D:4      | Found a sacrificial altar of Ru.
  2986 | D:4      | Found a staircase to the Ecumenical Temple.
  3020 | Temple   | Entered the Ecumenical Temple
  3708 | D:5      | Entered Level 5 of the Dungeon
  3708 | D:5      | Found a sand-covered staircase.
  3717 | Ossuary  | Entered an ossuary
  3766 | Ossuary  | Reached skill level 5 in Throwing
  4123 | Ossuary  | Reached XP level 8. HP: 75/75 MP: 7/7
  4305 | D:5      | Found Coink's Assorted Antiques.
  4325 | D:5      | Bought a scroll labeled CEYVOTE HYTIU for 24 gold pieces
  4325 | D:5      | Bought a scroll labeled GIPPUTON OGHECH for 24 gold pieces
  4325 | D:5      | Bought a scroll of identify for 48 gold pieces
  4325 | D:5      | Bought a scroll of identify for 48 gold pieces
  4325 | D:5      | Bought a scroll of identify for 48 gold pieces
  4325 | D:5      | Bought a bone wand for 96 gold pieces
  4416 | D:5      | Found a blossoming altar of Fedhas.
  4514 | D:5      | Noticed Edmund
  4538 | D:5      | Killed Edmund
  4592 | D:5      | Found a sparkling altar of Nemelex Xobeh.
  4737 | D:5      | Noticed Crazy Yiuf
  4740 | D:5      | Killed Crazy Yiuf
  4917 | D:6      | Found a shadowy altar of Dithmenos.
  5307 | D:6      | Reached skill level 5 in Unarmed Combat
  5850 | D:7      | Found an opulent altar of Gozag.
  6144 | D:7      | Reached XP level 9. HP: 34/85 MP: 8/8
  6317 | D:6      | HP: 3/85 [orc warrior/war axe (9)]
  6682 | D:7      | Gained mutation: You occasionally shout uncontrollably at your foes. [mutagenic meat]
  6683 | D:7      | Gained mutation: You possess an exceptional clarity of mind. [mutagenic meat]
  6684 | D:7      | Gained mutation: You tend to lose your temper in combat. [mutagenic meat]
  6830 | D:8      | Reached skill level 5 in Maces & Flails
  6839 | D:8      | Reached skill level 5 in Dodging
  7958 | D:8      | Reached skill level 5 in Fighting
  8271 | D:8      | Noticed Joseph
  8279 | D:8      | Killed Joseph
  8382 | D:8      | Found an iron altar of Okawaru.
  8385 | D:8      | Became a worshipper of Warmaster Okawaru
  8531 | D:9      | Found a staircase to the Lair.
  8541 | D:8      | Reached XP level 10. HP: 80/96 MP: 9/9
  8799 | D:8      | Reached * piety under Okawaru
  8996 | D:8      | Reached ** piety under Okawaru
  9319 | D:9      | Noticed Erolcha
  9454 | D:9      | Noticed Gastronok
  9698 | D:9      | Killed Gastronok
  9698 | D:9      | Reached *** piety under Okawaru
  9698 | D:9      | Reached XP level 11. HP: 102/106 MP: 10/10
 10038 | Lair:1   | Entered Level 1 of the Lair of Beasts
 10604 | Lair:1   | Reached **** piety under Okawaru
 10873 | Lair:1   | Received a gift from Okawaru
 11888 | Lair:2   | Noticed an eight-headed hydra
 11888 | Lair:2   | Noticed a seven-headed hydra
 12497 | Lair:2   | Lost mutation: You occasionally shout uncontrollably at your foes. [potion of cure mutation]
 12497 | Lair:2   | Lost mutation: You possess an exceptional clarity of mind. [potion of cure mutation]
 12497 | Lair:2   | Lost mutation: You tend to lose your temper in combat. [potion of cure mutation]
 12499 | Lair:2   | Gained mutation: You have an increased reservoir of magic (+10% MP). [potion of mutation]
 12499 | Lair:2   | Gained mutation: You have a pair of small horns on your head. [potion of mutation]
 12499 | Lair:2   | Gained mutation: You are surrounded by a mild repulsion field (EV +2). [potion of mutation]
 12708 | Lair:2   | Reached ***** piety under Okawaru
 12863 | Lair:2   | Reached XP level 12. HP: 68/118 MP: 12/12
 12977 | Lair:2   | Received a gift from Okawaru
 13104 | Lair:2   | Killed a seven-headed hydra
 13472 | Lair:2   | Killed an eight-headed hydra
 14707 | Lair:3   | Gained mutation: Your muscles are strong. (Str +2) [potion of mutation]
 14707 | Lair:3   | Gained mutation: Your movements are slightly less encumbered by armour (ER -2). [potion of mutation]
 14707 | Lair:3   | Gained mutation: You are partially covered in slimy green scales (AC +2). [potion of mutation]
 14708 | Lair:3   | Lost mutation: You have an increased reservoir of magic (+10% MP). [potion of mutation]
 14708 | Lair:3   | Gained mutation: You are partially covered in large bone plates (AC +2, SH +2). [potion of mutation]
 14708 | Lair:3   | Gained mutation: Potions and wands are less effective at restoring your health. [potion of mutation]
 14744 | Lair:3   | Noticed Urug
 14774 | Lair:2   | Killed Urug
 15616 | Lair:4   | Received a gift from Okawaru
 15637 | Lair:4   | Noticed Harold
 15646 | Lair:4   | Killed Harold
 15820 | Lair:4   | Reached skill level 10 in Maces & Flails
 15845 | Lair:4   | Gained mutation: You possess an exceptional clarity of mind. [potion of beneficial mutation]
 16029 | Lair:4   | You fall through a shaft!
 16041 | Lair:4   | Found a staircase to the Snake Pit.
 16139 | Lair:4   | Reached skill level 10 in Throwing
 16321 | Lair:4   | Reached XP level 13. HP: 128/128 MP: 12/12
 16453 | Lair:4   | Found a staircase to the Swamp.
 16756 | Swamp:1  | Entered Level 1 of the Swamp
 16780 | Lair:5   | Noticed Rupert
 17532 | Lair:5   | Noticed Nessos
 17567 | Lair:5   | Reached ****** piety under Okawaru
 17567 | Lair:5   | Received a gift from Okawaru
 17779 | Lair:5   | Killed Nessos
 18847 | Lair:6   | Found a staircase to the Slime Pits.
 18848 | Lair:6   | Found a viscous altar of Jiyva.
 19419 | Lair:7   | Got a heavy robe
 19452 | Lair:6   | Identified the +1 robe of Disappointment {rF+ Dex+4} (You found it on level 7 of the Lair of Beasts)
 19798 | Lair:7   | Received a gift from Okawaru
 20114 | Lair:7   | Received a gift from Okawaru
 20120 | Lair:7   | Reached skill level 1 in Invocations
 20360 | Lair:7   | Reached XP level 14. HP: 127/140 MP: 14/14
 20372 | Lair:7   | Received a gift from Okawaru
 21201 | Lair:8   | Entered Level 8 of the Lair of Beasts
 21528 | Lair:8   | Received a gift from Okawaru
 21692 | Lair:8   | Got a dull robe {god gift}
 21703 | Lair:8   | Identified the +1 robe of the Stag {rF++ Int+3 Stlth+} (Okawaru gifted it to you on level 8 of the Lair of Beasts)
 22178 | Lair:8   | Reached skill level 10 in Dodging
 22215 | Lair:8   | Reached skill level 10 in Fighting
 23181 | Lair:8   | Gained mutation: You tend to lose your temper in combat. [mutagenic meat]
 23183 | Lair:8   | Lost mutation: Your movements are slightly less encumbered by armour (ER -2). [mutagenic meat]
 23185 | Lair:8   | Gained mutation: You regenerate. [mutagenic meat]
 23575 | Lair:4   | Killed Rupert
 23647 | Lair:1   | Received a gift from Okawaru
 23834 | D:9      | Killed Erolcha
 24125 | D:10     | Entered Level 10 of the Dungeon
 24163 | D:10     | Found a flagged portal.
 24486 | D:10     | Noticed Fannar
 24491 | D:10     | Killed Fannar
 24690 | D:10     | Found a staircase to the Orcish Mines.
 24699 | Orc:1    | Entered Level 1 of the Orcish Mines
 24699 | Orc:1    | Found Naont's Antique Armour Boutique.
 24716 | Orc:1    | Bought a runed cloak for 121 gold pieces
 24971 | Orc:1    | Noticed a stone giant
 24988 | Orc:1    | Killed a stone giant
 24988 | Orc:1    | Received a gift from Okawaru
 24988 | Orc:1    | Reached skill level 5 in Invocations
 25259 | Orc:1    | Found a roughly hewn altar of Beogh.
 25379 | Orc:2    | Entered Level 2 of the Orcish Mines
 25485 | Orc:2    | Reached XP level 15. HP: 126/152 MP: 17/17
 25575 | Orc:2    | Found a staircase to the Elven Halls.
 25786 | Orc:1    | Received a gift from Okawaru
 26258 | Orc:2    | Noticed Saint Roka
 26363 | Orc:2    | Found a roughly hewn altar of Beogh.
 26366 | Orc:2    | Found Onni's Book Emporium.
 26560 | Orc:2    | Killed Saint Roka
 26619 | Orc:2    | Found Letyrgh's Antique Armour Emporium.
 27004 | Orc:2    | Found Netuso's Jewellery Shoppe.
 27128 | Orc:2    | Found Ahook's Antique Weapon Emporium.
 27134 | Orc:2    | Bought a polished halberd for 243 gold pieces
 27150 | Orc:2    | Bought a book of Transfigurations for 825 gold pieces
 27157 | Orc:2    | Learned a level 6 spell: Statue Form
 27165 | Orc:2    | Found Gozatuage's General Store.
 27173 | Orc:2    | Bought a scroll of recharging for 133 gold pieces
 27325 | D:11     | Noticed Erica
 27326 | D:11     | Identified the +5 halberd of Change {freeze, rElec rPois rC+ Int-5} (You bought it in a shop on level 2 of the Orcish Mines)
 27354 | D:11     | Killed Erica
 27724 | D:11     | Reached skill level 1 in Earth Magic
 28120 | D:12     | Reached skill level 1 in Transmutations
 28232 | D:12     | Noticed Frances
 28242 | D:12     | Noticed Maurice
 28247 | D:12     | Killed Frances
 28247 | D:12     | Reached skill level 1 in Spellcasting
 28264 | D:12     | Killed Maurice
 28818 | D:13     | Found a gate to the Vaults.
 28818 | D:13     | Noticed Norris
 28818 | D:13     | Noticed Donald
 28916 | D:12     | Killed Donald
 29076 | D:13     | Reached skill level 1 in Shields
 29303 | D:13     | HP: 6/152 [something (34)]
 29499 | D:13     | Received a gift from Okawaru
 29589 | D:13     | Killed Norris
 30129 | D:13     | Identified a scroll of acquirement
 30132 | D:13     | Got a faintly humming pearl dragon armour
 30143 | D:13     | Identified the +8 pearl dragon armour of Imnauhom {rN+ MR+ Str+5} (You acquired it on level 13 of the Dungeon)
 30287 | D:13     | Lost mutation: You tend to lose your temper in combat. [mutagenic meat]
 30734 | D:14     | Reached skill level 5 in Shields
 31000 | D:14     | Noticed Snorg
 31023 | D:14     | Killed Snorg
 31023 | D:14     | Received a gift from Okawaru
 31028 | D:14     | Gained mutation: You have a beak for a mouth. [mutagenic meat]
 31094 | D:14     | Noticed Sonja
 31141 | D:14     | Killed Sonja
 31362 | D:15     | Entered Level 15 of the Dungeon
 31384 | D:15     | Reached XP level 16. HP: 130/161 MP: 19/19
 31536 | D:15     | Found a staircase to the Depths.
 32354 | Elf:1    | Entered Level 1 of the Elven Halls
 32459 | Elf:1    | Got a brightly glowing demon whip
 32460 | Elf:1    | Identified the +12 demon whip of Quick Death {vamp, rElec rC+++ MR- SInv} (You acquired it on level 1 of the Elven Halls)
 32490 | Elf:1    | Received a gift from Okawaru
 32604 | Elf:1    | Received a gift from Okawaru
 32657 | Elf:1    | Reached skill level 10 in Shields
 32704 | Elf:1    | Found Luyq's General Store.
 32719 | Elf:1    | Bought a scroll of magic mapping for 49 gold pieces
 32955 | Elf:1    | Reached skill level 1 in Armour
 33415 | Elf:2    | Received a gift from Okawaru
 33430 | Elf:2    | Received a gift from Okawaru
 33619 | Elf:2    | Reached skill level 5 in Armour
 33623 | Elf:2    | Found a huge runed gate.
 33623 | Elf:2    | Found a huge runed gate.
 33623 | Elf:2    | Found a huge runed gate.
 33623 | Elf:2    | Found a huge runed gate.
 33625 | Elf:2    | Found a huge runed gate.
 33661 | Elf:2    | Reached XP level 17. HP: 167/167 MP: 20/20
 33967 | Elf:2    | Noticed a deep elf blademaster
 33985 | Elf:2    | Killed a deep elf blademaster
 34185 | Elf:2    | Received a gift from Okawaru
 34435 | Elf:3    | Entered Level 3 of the Elven Halls
 34482 | Elf:3    | Found a magical portal.
 34518 | WizLab   | Entered Lehudib's Moon Base
 34542 | WizLab   | Received a gift from Okawaru
 34748 | WizLab   | Noticed a quicksilver dragon
 34765 | WizLab   | Killed a quicksilver dragon
 34765 | WizLab   | Received a gift from Okawaru
 34825 | WizLab   | Reached skill level 10 in Armour
 34832 | WizLab   | Gained mutation: Your spells are a little easier to cast, but a little less powerful. [a cacodemon]
 34981 | WizLab   | Gained mutation: You are robust (+10% HP). [potion of beneficial mutation]
 35065 | WizLab   | Noticed a quicksilver dragon
 35075 | WizLab   | Killed a quicksilver dragon
 35492 | WizLab   | Reached XP level 18. HP: 190/193 MP: 21/21
 35795 | WizLab   | Noticed a moon troll
 35809 | WizLab   | Killed a moon troll
 35973 | WizLab   | Identified Lehudib's Disquisition on Clay and Changing (You found it in a wizard's laboratory)
 36968 | Elf:3    | Received a gift from Okawaru
 37180 | Elf:3    | Received a gift from Okawaru
 37293 | Elf:3    | Reached skill level 1 in Evocations
 37404 | Elf:3    | Identified the Volume of Creative Contamination
 37410 | Elf:3    | Got an ivory falchion {antimagic}
 37411 | Elf:3    | Identified the +9 falchion "Kynt" {antimagic, rElec rN+ MR+ Int-5 Dex+4} (You took it off a deep elf annihilator on level 3 of the Elven Halls)
 37415 | Elf:3    | Got a steaming shortbow
 37420 | Elf:3    | Got a steaming longbow
 37541 | Elf:3    | Identified the Collected Works on Evil Rites and Hexes
 37609 | Elf:3    | Got a sapphire great sword {antimagic}
 37617 | Elf:3    | Identified the cursed +3 great sword of Palae {antimagic, +Inv Dex+4} (You found it on level 3 of the Elven Halls)
 38258 | Snake:1  | Entered Level 1 of the Snake Pit
 38360 | Snake:1  | Noticed Aizul
 38372 | Snake:1  | Killed Aizul
 38444 | Snake:1  | Identified the Compendium of the Snowflakes and Execration
 38602 | Snake:1  | Found Xiefamae's Magic Scroll Boutique.
 38605 | Snake:1  | Bought a scroll of enchant armour for 90 gold pieces
 38605 | Snake:1  | Bought a scroll of recharging for 114 gold pieces
 38605 | Snake:1  | Bought a scroll of remove curse for 36 gold pieces
 38605 | Snake:1  | Bought a scroll of blinking for 90 gold pieces
 39350 | Snake:2  | Reached XP level 19. HP: 202/202 MP: 22/22
 39625 | Snake:3  | Reached skill level 15 in Throwing
 40728 | Snake:4  | Entered Level 4 of the Snake Pit
 40731 | Snake:4  | Got a serpentine rune of Zot
 40784 | Snake:4  | Received a gift from Okawaru
 41039 | Snake:4  | Received a gift from Okawaru
 42696 | Swamp:2  | Noticed Louise
 42754 | Swamp:2  | Killed Louise
 43487 | Swamp:3  | Reached XP level 20. HP: 207/212 MP: 23/23
 43751 | Swamp:3  | Noticed Roxanne
 43780 | Swamp:3  | Killed Roxanne
 43782 | Swamp:3  | Identified Roxanne's Catalogue of Stones (You took it off Roxanne on level 3 of the Swamp)
 43903 | Swamp:3  | Noticed Mara
 43905 | Swamp:4  | Entered Level 4 of the Swamp
 44114 | Swamp:4  | Received a gift from Okawaru
 44167 | Swamp:4  | Noticed the 27-headed Lernaean hydra
 44186 | Swamp:4  | Killed the 27-headed Lernaean hydra
 44186 | Swamp:4  | Received a gift from Okawaru
 44349 | Swamp:4  | Reached XP level 21. HP: 220/220 MP: 24/24
 44412 | Swamp:4  | Got a decaying rune of Zot
 45186 | Vaults:1 | Entered Level 1 of the Vaults
 46199 | Vaults:1 | Received a gift from Okawaru
 46438 | Vaults:2 | Found Voruse's Antique Weapon Boutique.
 46515 | Vaults:2 | Found Ydghazxuss's Assorted Antiques.
 46664 | Vaults:2 | Learned a level 2 spell: Song of Slaying
 46766 | Vaults:2 | Found Awkyqila's Book Emporium.
 46824 | Vaults:2 | Noticed Margery
 46845 | Vaults:2 | Killed Margery
 47026 | Vaults:2 | Reached XP level 22. HP: 232/232 MP: 26/26
 47454 | Vaults:2 | Found Pouph's Distillery.
 47463 | Vaults:2 | Bought a potion of cure mutation for 425 gold pieces
 47463 | Vaults:2 | Bought a potion of beneficial mutation for 595 gold pieces
 47463 | Vaults:2 | Bought a potion of lignification for 51 gold pieces
 47463 | Vaults:2 | Bought a potion of curing for 51 gold pieces
 47464 | Vaults:2 | Gained mutation: Your system is resistant to poisons. [potion of beneficial mutation]
 47738 | Vaults:3 | Identified the Collected Works on Burning Clay
 47899 | Vaults:3 | Found Gidghe's Magic Scroll Shop.
 47958 | Vaults:3 | Bought a scroll of teleportation for 60 gold pieces
 47958 | Vaults:3 | Bought a scroll of recharging for 190 gold pieces
 48046 | Vaults:3 | Found a deep blue altar of Sif Muna.
 48195 | Vaults:3 | Received a gift from Okawaru
 48246 | Vaults:3 | Found a staircase to the Crypt.
 48275 | Vaults:3 | Reached skill level 5 in Evocations
 48423 | Vaults:3 | Received a gift from Okawaru
 49282 | Vaults:4 | Found a burning altar of Makhleb.
 50061 | Vaults:5 | Entered Level 5 of the Vaults
 50111 | Vaults:4 | Received a gift from Okawaru
 50274 | Vaults:5 | Reached skill level 5 in Spellcasting
 50281 | Vaults:5 | Received a gift from Okawaru
 50585 | Vaults:5 | Received a gift from Okawaru
 50585 | Vaults:5 | Reached XP level 23. HP: 230/246 MP: 30/30
 50697 | Vaults:5 | Received a gift from Okawaru
 51140 | Vaults:5 | Lost mutation: Your system is resistant to poisons. [potion of mutation]
 51140 | Vaults:5 | Gained mutation: Your flesh is cold resistant. [potion of mutation]
 51165 | Vaults:5 | Got a silver rune of Zot
 51362 | Vaults:5 | Got a glittering amber ring
 51366 | Vaults:5 | Identified the ring "Anlikhak" {+Inv +Fly rC+ rN+} (You found it on level 5 of the Vaults)
 51425 | Vaults:5 | Identified the Handbook of Dislocated Unholy Arts
 51512 | Vaults:5 | Noticed Jorgrun
 51531 | Vaults:5 | Killed Jorgrun
 51648 | Vaults:5 | Received a gift from Okawaru
 51651 | Vaults:5 | Got a brightly glowing mace {god gift}
 51652 | Vaults:5 | Identified the +0 mace of the Poles {crush, Int+4} (Okawaru gifted it to you on level 5 of the Vaults)
 52175 | Vaults:5 | Learned a level 2 spell: Blink
 52179 | Vaults:5 | Learned a level 3 spell: Portal Projectile
 52181 | Vaults:5 | Learned a level 1 spell: Apportation
 52746 | Depths:1 | Entered Level 1 of the Depths
 52748 | Depths:1 | Found Rarr's Assorted Antiques.
 53150 | Depths:1 | Bought a scroll of acquirement for 1612 gold pieces
 53150 | Depths:1 | Bought a potion of resistance for 310 gold pieces
 53154 | Depths:1 | Got a transparent cloak
 53165 | Depths:1 | Identified the +0 cloak of Shielding {+Blink} (You acquired it on level 1 of the Depths)
 53402 | Depths:1 | Found a one-way gate to the infinite horrors of the Abyss.
 53631 | Depths:2 | Received a gift from Okawaru
 53922 | Depths:2 | Found a gateway to Hell.
 54078 | Depths:2 | Found a one-way gate leading to the halls of Pandemonium.
 54279 | Depths:2 | Found a gateway to a ziggurat.
 54386 | Depths:2 | Reached XP level 24. HP: 257/257 MP: 30/30
 54674 | Depths:2 | Reached skill level 15 in Shields
 55283 | Depths:3 | Found a flickering gateway to a bazaar.
 55295 | Bazaar   | Entered a bazaar
 55295 | Bazaar   | Found Wopy's Weapon Boutique.
 55295 | Bazaar   | Found Womitt's Book Boutique.
 55359 | Bazaar   | Found Sarphe's Antique Weapon Shoppe.
 55384 | Bazaar   | Bought a manual of Fighting for 993 gold pieces
 55384 | Bazaar   | Bought a Necronomicon for 993 gold pieces
 55387 | Bazaar   | Found Taororr's Distillery.
 55395 | Bazaar   | Bought a potion of heal wounds for 65 gold pieces
 55395 | Bazaar   | Bought a potion of curing for 39 gold pieces
 55644 | Depths:3 | Found an iron altar of Okawaru.
 56334 | Depths:3 | Reached skill level 15 in Fighting
 56562 | Depths:3 | Received a gift from Okawaru
 57119 | Depths:4 | Received a gift from Okawaru
 58161 | Depths:4 | Found an iron altar of Okawaru.
 58292 | Depths:4 | Reached skill level 1 in Translocations
 58494 | Depths:4 | Found a snail-covered altar of Cheibriados.
 58496 | Depths:4 | Noticed a juggernaut
 58519 | Depths:4 | Killed a juggernaut
 58519 | Depths:4 | Reached XP level 25. HP: 197/286 MP: 32/32
 58592 | Depths:4 | Got a warped wooden ring
 58593 | Depths:4 | Identified the ring of the Frog {-Tele rN+ MR+ Str+2} (You found it on level 4 of the Depths)
 58717 | Depths:5 | Entered Level 5 of the Depths
 58827 | Depths:5 | Received a gift from Okawaru
 58899 | Depths:5 | Found a flickering gateway to a bazaar.
 58908 | Bazaar   | Entered a bazaar
 58908 | Bazaar   | Found Gaczux's Antique Weapon Shop.
 58926 | Bazaar   | Found Sukischa's Distillery.
 58953 | Bazaar   | Found Bedaoqo's Antique Armour Shop.
 58981 | Bazaar   | Bought a potion of curing for 27 gold pieces
 58981 | Bazaar   | Bought a potion of curing for 27 gold pieces
 58981 | Bazaar   | Bought a potion of agility for 36 gold pieces
 58981 | Bazaar   | Bought a potion of curing for 27 gold pieces
 58981 | Bazaar   | Bought a potion of curing for 27 gold pieces
 58981 | Bazaar   | Bought a potion of curing for 27 gold pieces
 59033 | Depths:5 | Received a gift from Okawaru
 59171 | Depths:5 | Found a gate to the Realm of Zot.
 59315 | Depths:5 | Received a gift from Okawaru
 59393 | Depths:5 | Paralysed by a giant eyeball for 2 turns
 59407 | Depths:5 | Paralysed by a giant eyeball for 4 turns
 59423 | Depths:5 | Paralysed by a giant eyeball for 4 turns
 59555 | Depths:5 | Reached skill level 5 in Translocations
 59642 | Depths:5 | Received a gift from Okawaru
 59658 | Depths:5 | Got an ancient dire flail {god gift}
 59659 | Depths:5 | Identified the +5 dire flail of Terror {flame, Dex+3} (Okawaru gifted it to you on level 5 of the Depths)
 60468 | Slime:1  | Entered Level 1 of the Pits of Slime
 60698 | Slime:4  | Gained mutation: Your body sometimes deteriorates upon taking damage. [a shining eye]
 60809 | Slime:6  | Entered Level 6 of the Pits of Slime
 60818 | Slime:6  | Gained mutation: You are dopey. (Int -2) [a shining eye]
 60871 | Slime:6  | Received a gift from Okawaru
 60943 | Slime:5  | Reached skill level 10 in Spellcasting
 61286 | Slime:6  | Lost mutation: Your muscles are strong. (Str +2) [a shining eye]
 61365 | Slime:6  | Lost mutation: You are robust (+10% HP). [a shining eye]
 61367 | Slime:6  | Gained mutation: Your spells are easier to cast, but less powerful. [a shining eye]
 61384 | Slime:6  | Lost mutation: Your body sometimes deteriorates upon taking damage. [potion of cure mutation]
 61384 | Slime:6  | Lost mutation: You have a pair of small horns on your head. [potion of cure mutation]
 61384 | Slime:6  | Lost mutation: You are partially covered in slimy green scales (AC +2). [potion of cure mutation]
 61384 | Slime:6  | Lost mutation: Your spells are easier to cast, but less powerful. [potion of cure mutation]
 61385 | Slime:6  | Lost mutation: You are dopey. (Int -2) [potion of cure mutation]
 61385 | Slime:6  | Lost mutation: You possess an exceptional clarity of mind. [potion of cure mutation]
 61385 | Slime:6  | Lost mutation: You regenerate. [potion of cure mutation]
 61385 | Slime:6  | Lost mutation: Your flesh is cold resistant. [potion of cure mutation]
 61386 | Slime:6  | Lost mutation: You are surrounded by a mild repulsion field (EV +2). [potion of cure mutation]
 61386 | Slime:6  | Lost mutation: Your spells are a little easier to cast, but a little less powerful. [potion of cure mutation]
 61386 | Slime:6  | Lost mutation: Potions and wands are less effective at restoring your health. [potion of cure mutation]
 61386 | Slime:6  | Lost mutation: You have a beak for a mouth. [potion of cure mutation]
 61386 | Slime:6  | Lost mutation: You are partially covered in large bone plates (AC +2, SH +2). [potion of cure mutation]
 61433 | Slime:6  | Noticed the Royal Jelly
 61461 | Slime:6  | Killed the Royal Jelly
 61461 | Slime:6  | Reached XP level 26. HP: 266/269 MP: 32/36
 61756 | Slime:6  | Learned a level 2 spell: Swiftness
 61774 | Slime:6  | Got a slimy rune of Zot
 62238 | Lair:1   | Learned a level 8 spell: Necromutation
 62247 | Lair:1   | Learned a level 8 spell: Controlled Blink
 62257 | Lair:1   | Learned a level 9 spell: Shatter
 62479 | Depths:4 | Fell from the grace of Okawaru
 62479 | Depths:4 | Became a worshipper of Cheibriados the Contemplative
 62554 | Depths:4 | Reached skill level 1 in Necromancy
 62631 | Zot:1    | Entered Level 1 of the Realm of Zot
 62846 | Zot:1    | Reached * piety under Cheibriados
 63496 | Zot:1    | Reached ** piety under Cheibriados
 63893 | Zot:1    | Reached *** piety under Cheibriados
 64395 | Zot:2    | Reached skill level 5 in Transmutations
 64407 | Zot:2    | Reached skill level 5 in Necromancy
 64483 | Zot:2    | Got a translucent falchion {vamp}
 64484 | Zot:2    | Identified the +9 falchion of the Songs {vamp, *Drain +Rage MP+9 SInv} (You took it off a purple draconian on level 2 of the Realm of Zot)
 64803 | Zot:2    | Reached **** piety under Cheibriados
 65552 | Zot:3    | Reached XP level 27. HP: 276/276 MP: 37/37
 65789 | Zot:3    | Reached ***** piety under Cheibriados
 66837 | Zot:4    | Was forgiven by Okawaru
 67173 | Zot:4    | Reached skill level 10 in Invocations
 68359 | Crypt:1  | Entered Level 1 of the Crypt
 68415 | Crypt:1  | Reached ****** piety under Cheibriados
 69156 | Crypt:2  | Noticed Boris
 69171 | Crypt:2  | Killed Boris
 69389 | Crypt:2  | Noticed Frederick
 69403 | Crypt:2  | Killed Frederick
 69434 | Crypt:2  | Reached skill level 5 in Earth Magic
 70221 | Crypt:3  | Entered Level 3 of the Crypt
 70463 | Crypt:3  | Learned a level 2 spell: Cure Poison
 70577 | Crypt:3  | Found a staircase to the Tomb.
 71288 | Crypt:3  | Found an ancient bone altar of Kikubaaqudgha.
 71482 | Crypt:3  | Found a basalt altar of Yredelemnul.
 71493 | Crypt:3  | Identified the Grimoire of Augmentations and Enchantment
 71541 | Crypt:3  | Got a sparkling golden ring
 71543 | Crypt:3  | Identified the Guide on the Floating Volcanoes
 71550 | Crypt:3  | Learned a level 2 spell: Repel Missiles
 71551 | Crypt:3  | Identified the ring "Qetibav" {rC+ MP+9 Str+2 Dex+2} (You found it on level 3 of the Crypt)
 71558 | Crypt:3  | Got a warped flail
 71559 | Crypt:3  | Identified the +8 flail of Wuruusu {crush, MR++ Str-2 Dex+4} (You found it on level 3 of the Crypt)
 72245 | Pan      | Entered Pandemonium
 72250 | Pan      | Found an exit through the horrors of the Abyss.
 72253 | Pan      | Noticed Elystan's ghost (legendary FoFi)
 72310 | Pan      | Killed Elystan's ghost
 72486 | Pan      | Reached skill level 10 in Transmutations
 72766 | Pan      | Noticed Kagiga the pandemonium lord
 72781 | Pan      | Killed Kagiga the pandemonium lord
 73795 | Pan      | Entered the realm of Lom Lobon.
 73846 | Pan      | Found an exit through the horrors of the Abyss.
 74805 | Pan      | Noticed Lom Lobon
 75467 | Pan      | Killed Lom Lobon
 75655 | Pan      | Got a magical rune of Zot
 75775 | Pan      | Reached skill level 15 in Spellcasting
 76105 | Pan      | Noticed Tatau the pandemonium lord
 76123 | Pan      | Killed Tatau the pandemonium lord
 76279 | Pan      | Noticed Ucuil the pandemonium lord
 76284 | Pan      | Gained mutation: You are clumsy. (Dex -2) [a cacodemon]
 76310 | Pan      | Killed Ucuil the pandemonium lord
 76544 | Pan      | Found an exit through the horrors of the Abyss.
 76833 | Pan      | Noticed Jaymy the pandemonium lord
 76843 | Pan      | Gained mutation: You are partially covered in large bone plates (AC +2, SH +2). [a neqoxec]
 76854 | Pan      | Gained mutation: You are dopey. (Int -2) [a cacodemon]
 76863 | Pan      | Killed Jaymy the pandemonium lord
 76866 | Pan      | Gained mutation: You are occasionally teleported next to monsters. [a cacodemon]
 76866 | Pan      | Gained mutation: You are frail (-10% HP). [a neqoxec]
 77052 | Pan      | Reached skill level 10 in Necromancy
 77086 | Pan      | Cast into level 3 of the Abyss (infernal chaos champion)
 77097 | Abyss:3  | Lost mutation: You are dopey. (Int -2) [potion of cure mutation]
 77097 | Abyss:3  | Lost mutation: You are clumsy. (Dex -2) [potion of cure mutation]
 77097 | Abyss:3  | Lost mutation: You are frail (-10% HP). [potion of cure mutation]
 77236 | Abyss:5  | Entered Level 5 of the Abyss
 77402 | Abyss:5  | Gained mutation: You are clumsy. (Dex -2) [a neqoxec]
 77416 | Pan      | Escaped the Abyss
 77989 | Pan      | Noticed Raprufyr the pandemonium lord
 78016 | Pan      | Killed Raprufyr the pandemonium lord
 78358 | Pan      | Noticed Natekus the pandemonium lord
 78374 | Pan      | Killed Natekus the pandemonium lord
 78618 | Pan      | Gained mutation: You are frail (-10% HP). [a cacodemon]
 78619 | Pan      | Gained mutation: You expend magic power (3 MP) to strengthen your wands. [a cacodemon]
 78633 | Pan      | Lost mutation: You are clumsy. (Dex -2) [potion of cure mutation]
 78633 | Pan      | Lost mutation: You are occasionally teleported next to monsters. [potion of cure mutation]
 78633 | Pan      | Lost mutation: You are partially covered in large bone plates (AC +2, SH +2). [potion of cure mutation]
 78824 | Pan      | Noticed Lauditoc the pandemonium lord
 78855 | Pan      | Killed Lauditoc the pandemonium lord
 79022 | Pan      | Entered the realm of Mnoleg.
 79046 | Pan      | Gained mutation: You are partially covered in rough black scales (AC +4, Dex -1). [a cacodemon]
 79131 | Pan      | Gained mutation: Scrolls take you a little longer to read. [a cacodemon]
 79144 | Pan      | Gained mutation: You occasionally shout uncontrollably at your foes. [a neqoxec]
 79157 | Pan      | Gained mutation: Scrolls take you longer to read. [a neqoxec]
 79168 | Pan      | Gained mutation: You tend to lose your temper in combat. [a cacodemon]
 79170 | Pan      | Gained mutation: You sometimes yell uncontrollably at your foes. [a neqoxec]
 79171 | Pan      | Gained mutation: You are clumsy. (Dex -2) [a cacodemon]
 79173 | Pan      | Gained mutation: You are dopey. (Int -2) [a cacodemon]
 79194 | Pan      | Gained mutation: Your body sometimes deteriorates upon taking damage. [a cacodemon]
 79214 | Pan      | Noticed Mnoleg
 79229 | Pan      | Killed Mnoleg
 79278 | Pan      | Got a glowing rune of Zot
 79298 | Pan      | Gained mutation: Your body often deteriorates upon taking damage. [a neqoxec]
 79309 | Pan      | Found an exit through the horrors of the Abyss.
 79347 | Pan      | Entered the realm of Gloorx Vloq.
 79550 | Pan      | Found an exit through the horrors of the Abyss.
 80408 | Pan      | Noticed Gloorx Vloq
 80935 | Pan      | Killed Gloorx Vloq
 81188 | Pan      | Got a dark rune of Zot
 81291 | Pan      | Entered the realm of Cerebov.
 81369 | Pan      | Found an exit through the horrors of the Abyss.
 82748 | Pan      | Noticed Cerebov
 82983 | Pan      | Killed Cerebov
 83139 | Pan      | Got a fiery rune of Zot
 83610 | Pan      | Found an exit through the horrors of the Abyss.
 83636 | Pan      | Took an exit into the Abyss.
 83636 | Abyss:1  | Escaped into the Abyss
 83793 | Abyss:1  | Gained mutation: Armour fits poorly on your strangely shaped body. [a neqoxec]
 83800 | Abyss:1  | Gained mutation: Your spells are a little easier to cast, but a little less powerful. [a neqoxec]
 83852 | Abyss:1  | Got a slimy jade ring
 83857 | Abyss:1  | Identified the ring "Qielenas" {rF++ AC+3 Str+3 Dex+2} (You found it on level 1 of the Abyss)
 84019 | Abyss:1  | Gained mutation: You are very frail (-20% HP). [a neqoxec]
 84098 | Depths:2 | Escaped the Abyss
 84242 | Zig:1    | Entered Level 1 of a ziggurat
 84275 | Zig:2    | Entered Level 2 of a ziggurat
 84314 | Zig:3    | Entered Level 3 of a ziggurat
 84314 | Zig:3    | Noticed an ancient lich
 84322 | Zig:3    | Killed an ancient lich
 84345 | Zig:4    | Entered Level 4 of a ziggurat
 84394 | Zig:5    | Entered Level 5 of a ziggurat
 84476 | Zig:6    | Entered Level 6 of a ziggurat
 84569 | Zig:6    | Identified the Disquisition on Flight
 84587 | Zig:7    | Entered Level 7 of a ziggurat
 84721 | Zig:7    | Got a scintillating lapis lazuli ring
 84724 | Zig:7    | Identified the ring "Sosiogro" {rF+ Int+10 SInv} (You found it on level 7 of a ziggurat)
 84732 | Zig:7    | Lost mutation: Armour fits poorly on your strangely shaped body. [potion of cure mutation]
 84732 | Zig:7    | Lost mutation: Scrolls take you longer to read. [potion of cure mutation]
 84732 | Zig:7    | Lost mutation: You expend magic power (3 MP) to strengthen your wands. [potion of cure mutation]
 84732 | Zig:7    | Lost mutation: Your body often deteriorates upon taking damage. [potion of cure mutation]
 84732 | Zig:7    | Lost mutation: Scrolls take you a little longer to read. [potion of cure mutation]
 84740 | Zig:8    | Entered Level 8 of a ziggurat
 84851 | Zig:8    | Identified the Guide on the Escort and Contamination
 84876 | Zig:9    | Entered Level 9 of a ziggurat
 84883 | Zig:9    | Reached skill level 15 in Transmutations
 84933 | Zig:10   | Entered Level 10 of a ziggurat
 84942 | Zig:10   | Noticed Lodecs the pandemonium lord
 84970 | Zig:10   | Killed Lodecs the pandemonium lord
 85221 | Zig:10   | Identified the Incunabulum of Destructive Unholy Arts (You found it on level 10 of a ziggurat)
 85229 | Zig:10   | Got a crystal spear
 85230 | Zig:10   | Identified the +10 spear "Roid" {pain, *Drain rC- MR+++ MP+9} (You found it on level 10 of a ziggurat)
 85236 | Zig:11   | Entered Level 11 of a ziggurat
 85289 | Zig:11   | HP: 11/220 [wolf spider (16)]
 85289 | Zig:11   | Slain by a wolf spider

Skill      XL: |  1  2  3  4  5  6  7  8  9 10 11 12 13 14 15 16 17 18 19 20 21 22 23 24 25 26 27 |
---------------+----------------------------------------------------------------------------------+-----
Unarmed Combat | 1 2 3 4 5 6 7 8 |  8.7
Dodging        | 2 3 4 5 6 7 8 9 10 | 10.6
Throwing       | 4 5 6 7 8 9 10 11 12 14 18 19 | 19.9
Fighting       | 2 3 4 5 6 7 8 9 10 11 12 16 | 16.8
Maces & Flails | 1 2 3 4 5 6 8 10 11 12 13 14 | 14.6
Invocations    | 1 5 8 10 | 10.0
Earth Magic    | 2 9 |  9.5
Transmutations | 2 6 15 | 15.2
Spellcasting   | 1 3 5 6 10 11 19 | 19.2
Shields        | 6 10 14 15 | 15.6
Armour         | 5 11 13 | 13.7
Evocations     | 1 4 6 7 |  7.1
Translocations | 2 7 |  7.3
Necromancy     | 6 14 | 14.5
Stealth        | |  0.4

Action                   |  1- 3 |  4- 6 |  7- 9 | 10-12 | 13-15 | 16-18 | 19-21 | 22-24 | 25-27 || total
-------------------------+-------+-------+-------+-------+-------+-------+-------+-------+-------++-------
Melee: Unarmed           |   112 |   170 |   273 |       |       |       |       |       |       ||   555
       Punch             |       |     2 |    13 |    29 |    91 |       |       |       |       ||   135
       Flail             |       |       |   239 |   646 |  1723 |   248 |       |       |       ||  2856
       Headbutt          |       |       |       |    72 |   431 |   353 |   481 |   923 |   329 ||  2589
       Giant spiked club |       |       |       |       |   197 |       |       |       |       ||   197
       Morningstar       |       |       |       |       |    83 |       |       |       |       ||    83
       Peck              |       |       |       |       |    10 |   352 |   436 |   850 |   303 ||  1951
       Demon whip        |       |       |       |       |       |  1222 |  1728 |  2908 |  7988 || 13846
Throw: Large rock        |     5 |       |    17 |    27 |    65 |    12 |       |    52 |   207 ||   385
       Throwing net      |       |       |     1 |     1 |     7 |       |       |       |       ||     9
       Javelin           |       |       |       |    52 |    72 |       |       |       |       ||   124
 Cast: Song of Slaying   |       |       |       |       |       |       |       |     1 |       ||     1
       Portal Projectile |       |       |       |       |       |       |       |       |    26 ||    26
       Blink             |       |       |       |       |       |       |       |       |     7 ||     7
       Statue Form       |       |       |       |       |       |       |       |       |    54 ||    54
       Cure Poison       |       |       |       |       |       |       |       |       |     2 ||     2
       Necromutation     |       |       |       |       |       |       |       |       |     2 ||     2
Invok: Heroism           |       |       |       |    10 |    22 |     6 |     5 |     7 |     5 ||    55
       Finesse           |       |       |       |       |     6 |     2 |     4 |     5 |     1 ||    18
       Slouch            |       |       |       |       |       |       |       |       |    24 ||    24
       Temporal Distorti |       |       |       |       |       |       |       |       |     2 ||     2
Evoke: Wand              |       |       |     4 |    19 |     6 |     1 |     2 |     2 |    17 ||    51
  Use: Scroll            |       |       |    14 |    13 |    30 |    12 |     2 |    20 |    38 ||   129
       Potion            |       |       |     6 |    19 |     8 |     1 |     6 |     7 |    41 ||    88
 Stab: Sleeping          |     1 |       |     5 |       |     9 |       |       |       |       ||    15
       Held in net/web   |       |       |       |     1 |     2 |       |       |       |     1 ||     4
       Distracted        |       |       |       |       |     1 |       |       |       |     2 ||     3
       Invisible         |       |       |       |       |       |       |       |       |     9 ||     9
       Paralysed         |       |       |       |       |       |       |       |       |     1 ||     1
  Eat: Chunk             |    14 |    17 |    42 |    66 |   169 |    74 |    55 |   108 |   125 ||   670
       Meat ration       |       |       |     2 |       |       |     3 |     5 |       |     2 ||    12
       Fruit             |       |       |     1 |       |       |       |       |       |    30 ||    31
       Beef jerky        |       |       |       |     3 |     3 |     1 |     1 |       |     2 ||    10
       Pizza             |       |       |       |       |       |     2 |     2 |       |     3 ||     7
       Royal jelly       |       |       |       |       |       |     1 |       |       |     2 ||     3
       Bread ration      |       |       |       |       |       |       |       |       |     7 ||     7
Armor: Robe              |    45 |    39 |   235 |   283 |   769 |       |       |       |       ||  1371
       Skin              |       |       |       |       |     2 |       |       |       |   883 ||   885
       Pearl dragon armo |       |       |       |       |    79 |   268 |   515 |   676 |  1410 ||  2948
Dodge: Dodged            |    60 |    79 |   273 |   470 |  1456 |   289 |   386 |   603 |  2754 ||  6370
Block: Other             |       |       |       |    18 |   130 |       |       |       |     4 ||   152
       Shield            |       |       |       |       |   279 |   894 |  1552 |   861 |   122 ||  3708
       Reflection        |       |       |       |       |     7 |    82 |   124 |   159 |   269 ||   641
       Large shield      |       |       |       |       |       |       |       |  2146 | 11130 || 13276
